 Dungeon Crawl Stone Soup version 0.28.0-53-g5a82cb258f (webtiles) character file.

Game seed: 1348266035783635556

2223 Peloso the Carver (level 9, -12/78 HPs)
             Began as a Minotaur Fighter on Aug 11, 2022.
             Was an Initiate of Okawaru.
             Mangled by a cyan ugly thing (17 damage)
             ... on level 7 of the Dungeon.
             The game lasted 00:13:54 (7425 turns).

Peloso the Carver (Minotaur Fighter)                Turns: 7425, Time: 00:13:55

Health: -12/78     AC: 13    Str: 23    XL:     9   Next: 13%
Magic:  8/8        EV: 11    Int:  5    God:    Okawaru [......]
Gold:   240        SH:  5    Dex: 12    Spells: 8/8 levels left

rFire   . . .      SeeInvis .   a - +1 long sword (freeze)
rCold   . . .      Faith    .   c - +0 buckler
rNeg    . . .      Spirit   .   k - quicksilver dragon scales
rPois   .          Reflect  .   l - +2 hat
rElec   .          Harm     .   u - scarf {repulsion}
rCorr   .          Rampage  .   (no gloves)
Will    +....                   (no boots)
Stlth   +.........              (no amulet)
HPRegen 0.23/turn               (no ring)
MPRegen 0.11/turn               (no ring)

@: hasted, repel missiles, very quick
A: horns 2, retaliatory headbutt
a: Renounce Religion


You were on level 7 of the Dungeon.
You worshipped Okawaru.
Okawaru was noncommittal.
You visited 2 branches of the dungeon, and saw 8 of its levels.
You also visited: Ossuary.

You collected 376 gold pieces.
You spent 136 gold pieces at shops.

Inventory:

Hand Weapons
 a - a +1 long sword of freezing (weapon)
 b - a +2 spear of flaming
Armour
 c - a +0 buckler (worn)
 k - quicksilver dragon scales (worn)
 l - a +2 hat (worn)
 u - a scarf of repulsion (worn)
Jewellery
 n - an amulet of magic regeneration
Wands
 h - a wand of flame (38)
 x - a wand of mindburst (1)
Scrolls
 d - a scroll of blinking
 m - 2 scrolls of fog {unknown}
 q - 3 scrolls of magic mapping
 r - a scroll of fear
 s - 3 scrolls of teleportation
 t - 2 scrolls of immolation
 y - a scroll of amnesia {unknown}
 A - 2 scrolls of identify
 B - a scroll of enchant weapon
 C - 3 scrolls of holy word
Potions
 e - 4 potions of curing
 g - 2 potions of brilliance
 i - 2 potions of mutation
 j - 2 potions of magic {unknown}
 o - a potion of attraction {unknown}
 p - a potion of invisibility {unknown}
 v - a potion of berserk rage {unknown}
 w - 2 potions of ambrosia {unknown}
 z - 4 potions of heal wounds {unknown}


   Skills:
 + Level 6.8 Fighting
 + Level 10.9 Long Blades
 + Level 6.6 Armour
 + Level 3.4 Dodging
 + Level 0.6 Stealth
 + Level 5.3 Shields


You had 8 spell levels left.
You didn't know any spells.
Your spell library was empty.

Dungeon Overview and Level Annotations

Branches:
Dungeon (7/15)             Temple (1/1) D:7         Ossuary (visited)

Altars:
Ashenzari
Cheibriados
Dithmenos
Fedhas
Hepliaklqana
Nemelex Xobeh
Okawaru
Qazlal
Ru
Sif Muna
Trog
Uskayaw
Vehumet
Wu Jian
Xom
The Shining One

Shops:
D:1 *   D:4 =   D:6 *

Annotations:
D:7 Joseph


Innate Abilities, Weirdness & Mutations

You have a pair of horns on your head.
You reflexively headbutt those who attack you in melee.


Message History

A jelly is nearby!
You slash the jelly! You freeze the jelly.
You kill the jelly!
Okawaru accepts your kill.
Joseph and a cyan ugly thing come into view.
Joseph shouts!
The cyan ugly thing gurgles horribly!
There are monsters nearby!
Okay, then.
You closely miss the cyan ugly thing.
You headbutt the cyan ugly thing, but do no damage.
You block the cyan ugly thing's attack.
Joseph sighs, "Being a guard is usually so boring..."
You barely miss the cyan ugly thing.
Your headbutt misses the cyan ugly thing.
The cyan ugly thing tail-slaps you but does no damage.
You hit the cyan ugly thing but do no damage.
Your headbutt misses the cyan ugly thing.
You slash the cyan ugly thing! You freeze the cyan ugly thing.
You headbutt the cyan ugly thing, but do no damage.
The cyan ugly thing is lightly wounded.
The cyan ugly thing tail-slaps you! The cyan ugly thing shocks you!
You slash the cyan ugly thing! You freeze the cyan ugly thing.
Your headbutt misses the cyan ugly thing.
The cyan ugly thing is moderately wounded.
The cyan ugly thing tail-slaps you but does no damage.
You closely miss the cyan ugly thing.
The cyan ugly thing is moderately wounded.
The cyan ugly thing tail-slaps you! The cyan ugly thing shocks you!
You slash the cyan ugly thing! You freeze the cyan ugly thing.
You headbutt the cyan ugly thing.
The cyan ugly thing is severely wounded.
The cyan ugly thing tail-slaps you but does no damage.
You slash the cyan ugly thing! You freeze the cyan ugly thing.
The cyan ugly thing is almost dead.
The cyan ugly thing tail-slaps you. The cyan ugly thing shocks you!
* * * LOW HITPOINT WARNING * * *
You feel yourself speed up. The cyan ugly thing tail-slaps you!
* * * LOW HITPOINT WARNING * * *
The cyan ugly thing shocks you!
You die...

#.##########...##
#.)......# #..## .
########.# #..# .
#.# #..##### # #.#
#......# ### #.#
#.####.# #.. #.# #.#
#.# #.# #########.#
#.# ##.###.#
#....@u@..#
#>###...##..
#.#########
#..........# #.
#####...##.# #@
####### ##.###.. #.
#.....#########.#
#.#
#.##.###...........#
#.# #.##.#
##########..# #.#
#.##.# ##..# #.#
#.##.# #...# #..


You could see a cyan ugly thing and Joseph.

Vanquished Creatures
  A wraith (Ossuary)
  An acid dragon (D:5)
  A water moccasin (D:7)
  A sky beast (D:6)
  A necrophage (D:5)
  An ogre (D:7)
  A phantom (D:4)
  2 bullfrogs (D:7)
  A kobold brigand (D:6)
  2 scorpions (D:6)
  3 wyvern skeletons
  5 wights (D:7)
  A howler monkey (D:6)
  A centaur zombie (D:6)
  A bullfrog zombie (D:6)
  2 hounds
  2 orc priests (D:4)
  4 jellies
  A centaur skeleton (D:6)
  An iguana (D:6)
  4 orc wizards
  A killer bee zombie (D:6)
  A hound zombie (D:3)
  A howler monkey zombie (D:5)
  A mummy (Ossuary)
  6 gnolls
  9 adders
  A white imp (D:5)
  An ufetubus (D:5)
  An adder skeleton (D:4)
  6 worms
  2 dart slugs
  23 orcs
  7 ball pythons
  10 endoplasms
  A giant cockroach (D:3)
  8 hobgoblins
  4 jackals (D:1)
  A quokka (D:1)
  6 bats
  2 frilled lizards
  5 gnoll skeletons (Ossuary)
  6 goblins
  10 kobolds
  3 kobold skeletons (Ossuary)
  17 orc skeletons (Ossuary)
  10 rats
180 creatures vanquished.

Vanquished Creatures (others)
  4 plants (D:7)
4 creatures vanquished.

Grand Total: 184 creatures vanquished

Notes
Turn   | Place    | Note
-------+----------+-------------------------------------------
     0 | D:1      | Peloso the Minotaur Fighter began the quest for the Orb.
     0 | D:1      | Reached XP level 1. HP: 19/19 MP: 0/0
   129 | D:1      | Reached XP level 2. HP: 20/27 MP: 1/1
   235 | D:1      | Reached XP level 3. HP: 12/33 MP: 2/2
   672 | D:1      | Found Virup's Assorted Antiques.
   688 | D:1      | Bought a bubbling green potion for 18 gold pieces
   688 | D:1      | Bought a fuming blue potion for 18 gold pieces
   688 | D:1      | Bought a viscous coppery potion for 18 gold pieces
  1049 | D:2      | Reached skill level 3 in Long Blades
  1316 | D:2      | Reached XP level 4. HP: 32/41 MP: 3/3
  1411 | D:2      | Found a shadowy altar of Dithmenos.
  1869 | D:1      | Bought a scroll labelled GENTAP JESKEWN for 20 gold pieces
  1869 | D:1      | Bought a scroll labelled ONGOF QAYTZ for 20 gold pieces
  2017 | D:3      | Reached skill level 1 in Dodging
  2032 | D:3      | Reached skill level 4 in Long Blades
  2116 | D:3      | Reached XP level 5. HP: 47/47 MP: 4/4
  2915 | D:4      | Found Ywkymor's Jewellery Emporium.
  3035 | D:4      | Reached skill level 5 in Long Blades
  3063 | D:4      | Noticed a phantom
  3078 | D:4      | Killed a phantom
  3079 | D:4      | Reached skill level 5 in Armour
  3079 | D:4      | Reached XP level 6. HP: 50/53 MP: 5/5
  3091 | D:4      | Found an ornate altar of the Wu Jian Council.
  3132 | D:4      | Reached skill level 6 in Long Blades
  3218 | D:4      | Found a hide-covered altar of Uskayaw.
  4135 | D:4      | Reached skill level 7 in Long Blades
  4135 | D:4      | Reached XP level 7. HP: 23/60 MP: 6/6
  4417 | D:5      | Entered Level 5 of the Dungeon
  4673 | D:6      | Found Jaoc's General Store.
  4681 | D:6      | Bought a scroll of magic mapping for 42 gold pieces
  4702 | D:6      | Reached skill level 5 in Fighting
  4702 | D:6      | Reached skill level 8 in Long Blades
  4727 | D:6      | Found a sand-covered staircase.
  4736 | Ossuary  | Entered an ossuary
  4736 | Ossuary  | Noticed a wraith
  4736 | Ossuary  | Noticed a wraith
  4736 | Ossuary  | Noticed a wraith
  4835 | Ossuary  | Noticed a wraith
  4850 | Ossuary  | Killed a wraith
  5001 | Ossuary  | Reached XP level 8. HP: 68/68 MP: 7/7
  5674 | D:6      | Reached skill level 9 in Long Blades
  6164 | D:6      | Reached skill level 10 in Long Blades
  6410 | D:7      | Reached skill level 5 in Shields
  6780 | D:7      | Reached XP level 9. HP: 60/76 MP: 8/8
  7035 | D:7      | Found a staircase to the Ecumenical Temple.
  7044 | Temple   | Entered the Ecumenical Temple
  7102 | Temple   | Became a worshipper of Warmaster Okawaru
  7411 | D:7      | Noticed Joseph
  7411 | D:7      | Noticed a cyan ugly thing
  7425 | D:7      | Mangled by a cyan ugly thing

Illustrated notes

Levels and vault maps discovered:
D:1:      onia_arrival_mini_maze_b, layout_rooms, serial_shops, shop,
          minivault_23
D:2:      layout_rooms, basic_altar, minmay_misc_feat_iff, nicolae_wormholes
D:3:      layout_basic, nrook_loot_triangle, chequers_garden,
          corexii_leaking_fountain, grunt_ministairs_14
D:4:      layout_basic, mainiacjoe_overflow_catwalk, lemuel_crystal_altar,
          serial_shops, nicolae_stop_n_shop_1, serial_glass, glass_columns_a,
          glass_columns_c
D:5:      minmay_chambers_of_threes, layout_basic, zin_statuary, uniq_sigmund,
          uniq_menkaure
D:6:      layout_loops_corners, enter_ossuary_1, serial_shops, shop_statue,
          minmay_holes, sigmund_army
D:7:      layout_loops_ring, nicolae_elyvilon_temple_path,
          minmay_temple_entry_large_hall, uniq_joseph
Temple:   kb_temple_of_zot

Skill      XL: |  1  2  3  4  5  6  7  8 |
---------------+-------------------------+-----
Fighting       | 4 5 6 |  6.8
Armour         | 4 5 6 |  6.6
Shields        | 4 5 |  5.3
Long Blades    | 3 4 5 7 8 10 | 10.9
Dodging        | 1 2 3 |  3.4
Stealth        | |  0.6

Action                   |  1- 3 |  4- 6 |  7- 9 || total
-------------------------+-------+-------+-------++-------
Melee: Long sword        |    85 |   197 |   234 ||   516
       Headbutt          |    12 |    30 |    49 ||    91
  Use: Scroll            |       |       |    15 ||    15
       Potion            |       |       |     2 ||     2
Armor: Scale mail        |    44 |       |       ||    44
       Quicksilver drago |       |    74 |   114 ||   188
Dodge: Dodged            |    38 |    94 |    94 ||   226
       Repelled          |       |       |     2 ||     2
Block: Buckler           |    16 |    37 |    59 ||   112
